 Dungeon Crawl Stone Soup version 0.19-a0-790-ge39e1af (webtiles) character file.

577 4thArraOfDagon the Insei (level 7, -1/59 HPs)
             Began as a Mottled Draconian Wizard on June 26, 2016.
             Was an Initiate of Hepliaklqana.
             Slain by a killer bee (4 damage)
             ... on level 8 of the Dungeon.
             The game lasted 00:15:05 (2261 turns).

4thArraOfDagon the Insei (Mottled Draconian Wizard) Turns: 2261, Time: 00:15:05

Health: -1/59      AC:  6    Str:  9    XL:     7   Next: 13%
Magic:  1/11       EV: 12    Int: 19    God:    Hepliaklqana [......]
Gold:   205        SH:  0    Dex:  9    Spells: 4 memorised, 4 levels left

rFire  . . .     SeeInvis .       - Unarmed
rCold  . . .     Gourm    .     (armour unavailable)
rNeg   . . .     Faith    .     (no shield)
rPois  .         Spirit   .     a - +0 hat
rElec  .         Dismiss  .     (no cloak)
rCorr  .         Reflect  .     (no gloves)
SustAt .         Harm     .     (no boots)
MR     .....                    g - amulet of rage
Stlth  ++........               (no ring)
                                e - ring of stealth

@: very slightly contaminated, not resistant to hostile enchantments, unstealthy
A: breathe sticky flame splash, unfitting armour, dopey 1, slow regeneration 1,
wild magic 1, cold-blooded, AC +6
a: Breathe Sticky Flame, Recall Ancestor, Ancestor Identity, Renounce Religion,
Evoke Berserk Rage


You were on level 8 of the Dungeon.
You worshipped Hepliaklqana.
Hepliaklqana was noncommittal.
You were not hungry.

You visited 2 branches of the dungeon, and saw 9 of its levels.

You collected 205 gold pieces.

Inventory:

Missiles
 m - 6 tomahawks of returning (quivered)
Armour
 a - a +0 hat (worn)
Jewellery
 e - a ring of stealth (left hand)
 g - an amulet of rage (around neck)
Scrolls
 j - a scroll of noise {unknown}
 k - 3 scrolls of amnesia
 n - a scroll of silence {unknown}
 p - a scroll of enchant armour {unknown}
 q - a scroll of identify {unknown}
Books
 b - a book of Minor Magic

   Spells                             Type                      Level
   a - Magic Dart                     Conjuration                  1
   b - Blink                          Translocation                2
   c - Call Imp                       Summoning                    2
   d - Repel Missiles                 Charms/Air                   2
   e - Slow                           Hexes                        2
   f - Conjure Flame                  Conjuration/Fire             3
   g - Mephitic Cloud                 Conjuration/Poison/Air       3
 h - a book of Changes

   Spells                             Type                      Level
   a - Beastly Appendage              Transmutation                1
   b - Sticks to Snakes               Transmutation                2
   c - Spider Form                    Transmutation/Poison         3
   d - Ice Form                       Ice/Transmutation            4
   e - Blade Hands                    Transmutation                5
Comestibles
 c - 3 bread rations
 l - 6 chunks of flesh
 o - a slice of pizza


   Skills:
 + Level 4.0 Fighting
 - Level 1.7 Dodging
 - Level 1.7 Stealth
 * Level 5.0 Unarmed Combat
 + Level 3.2 Spellcasting
 - Level 1.8 Conjurations
   Level 1.0 Summonings
 - Level 1.0 Translocations
 + Level 3.0 Evocations


You had 4 spell levels left.
You knew the following spells:

 Your Spells              Type           Power        Failure   Level  Hunger
a - Magic Dart            Conj           ##..         14%         1    None
b - Blink                 Tloc           N/A          24%         2    ##.....
c - Repel Missiles        Chrm/Air       #.....       32%         2    ##.....
d - Mephitic Cloud        Conj/Pois/Air  #.......     47%         3    ###....


Dungeon Overview and Level Annotations

Branches:
Dungeon (8/15)             Temple (1/1) D:6
   Lair: D:8-11

Altars:
Ashenzari
Cheibriados
Dithmenos
Elyvilon
Fedhas
Gozag
Hepliaklqana
Kikubaaqudgha
Makhleb
Nemelex Xobeh
Okawaru
Pakellas
Qazlal
Ru
Sif Muna
Trog
Vehumet
Xom
Yredelemnul
Zin
The Shining One

Annotations:
D:5 Tungsten's ghost, novice DEFE
D:8 Erolcha


Innate Abilities, Weirdness & Mutations

You can spit globs of burning liquid.
You can ignite nearby creatures when you spit burning liquid.
Your weird mottled scales are hard. (AC +6)
Your body does not fit into most forms of armour.
You are cold-blooded and may be slowed by cold attacks.
You are dopey. (Int -2)
You regenerate slowly when monsters are visible.
Your spells are a little harder to cast, but a little more powerful.


Message History

Unknown command.
Unknown command.
Okay, then.
Unknown command.
Unknown command.
Unknown command.
Unknown command.
Unknown command.
Okay, then.
You aren't carrying any potions.
As you read the scroll labeled QIV ZEFRUS, it crumbles to dust.
It is a scroll of brand weapon.
You aren't carrying any weapons that can be branded.
Erolcha gestures wildly while chanting.
Erolcha flickers and vanishes!
Unknown command.
As you read the scroll labeled CUAZEM ZOYMMAY, it crumbles to dust.
The creatures around you are filled with an inner flame!
It was a scroll of immolation.
The killer bee stings you.
You die...

#############
#............
#............
#........>...
#..$.@.......
#....y.......
#............
#............
#.....{......
#.......y....
#............
#......y.....
############


You could see 3 killer bees.

Vanquished Creatures
  A black bear (D:7)
  2 ogres (D:4)
  A centaur (D:7)
  A giant frog (D:7)
  A jelly (D:6)
  A giant frog skeleton (D:4)
  2 worker ants
  2 adders
  2 oozes
  2 worms (D:2)
  A dart slug (D:2)
  2 giant geckos
  4 orcs
  A giant cockroach (D:1)
  2 hobgoblins (D:1)
  4 jackals
  2 quokkas
  A bat (D:2)
  A giant gecko skeleton (D:5)
  10 giant newts
  3 goblins (D:1)
  7 kobolds
  3 rats
56 creatures vanquished.

Vanquished Creatures (others)
  A giant cockroach (D:5)
1 creature vanquished.

Grand Total: 57 creatures vanquished

Notes
Turn   | Place    | Note
--------------------------------------------------------------
     0 | D:1      | 4thArraOfDagon the Draconian Wizard began the quest for the Orb.
     0 | D:1      | Reached XP level 1. HP: 14/14 MP: 4/4
   222 | D:1      | Reached skill level 1 in Fighting
   222 | D:1      | Reached skill level 1 in Unarmed Combat
   259 | D:1      | Reached XP level 2. HP: 23/23 MP: 1/6
   620 | D:1      | Learned a level 2 spell: Blink
   623 | D:1      | Learned a level 2 spell: Repel Missiles
   730 | D:2      | Reached XP level 3. HP: 24/28 MP: 1/7
   883 | D:2      | Learned a level 3 spell: Mephitic Cloud
   914 | D:2      | Found an iron altar of Okawaru.
   914 | D:2      | Found a basalt altar of Yredelemnul.
   915 | D:2      | Found a glowing silver altar of Zin.
   943 | D:3      | Reached skill level 2 in Unarmed Combat
   951 | D:3      | Reached XP level 4. HP: 36/36 MP: 4/8
  1216 | D:4      | Noticed an ogre
  1238 | D:4      | Killed an ogre
  1238 | D:4      | Reached skill level 3 in Unarmed Combat
  1238 | D:4      | Reached skill level 1 in Evocations
  1238 | D:4      | Reached XP level 5. HP: 42/42 MP: 5/9
  1324 | D:5      | Entered Level 5 of the Dungeon
  1378 | D:5      | Noticed Tungsten's ghost (novice DEFE)
  1390 | D:5      | Gained mutation: You regenerate slowly when monsters are visible. [potion of mutation]
  1390 | D:5      | Gained mutation: Your spells are a little harder to cast, but a little more powerful. [potion of mutation]
  1390 | D:5      | Gained mutation: You are dopey. (Int -2) [potion of mutation]
  1390 | D:5      | HP: 2/42 [Tungsten's ghost (1)]
  1399 | D:5      | jacquesderrida: play it like a damng fiddle
  1436 | D:4      | good
  1442 | D:4      | incide: gud
  1523 | D:4      | Noticed an ogre
  1533 | D:4      | jacquesderrida: thank you intsestor
  1534 | D:4      | jacquesderrida: sps
  1539 | D:4      | Killed an ogre
  1539 | D:4      | Reached skill level 4 in Unarmed Combat
  1539 | D:4      | Reached XP level 6. HP: 44/51 MP: 5/10
  1726 | D:5      | incide: >drwz
  1736 | D:5      | incide: >unarmed
  1750 | D:6      | incide: yep that's a speedrun
  1797 | D:5      | jacquesderrida: >>>>>>>>>>>>>>>>>>>>>>>doctor anime
  1825 | D:5      | jacquesderrida: >>>>>>>>>>>>>>>>>>>>>>>>>rickroll'd
  1843 | D:6      | jacquesderrida: ajjjjjjj lmeo
  1852 | D:6      | incide: oooh
  1859 | D:6      | futacatgirl: amine
  1891 | D:6      | incide: now that... CHANGES things a bit
  1966 | D:7      | jacquesderrida: You were bit
  1996 | D:6      | incide: suce mon bite
  2013 | D:6      | Found a staircase to the Ecumenical Temple.
  2019 | D:6      | jacquesderrida: And now you're changing........
  2020 | Temple   | Entered the Ecumenical Temple
  2028 | Temple   | futacatgirl: >succ
  2043 | Temple   | futacatgirl: 2pak gogo
  2048 | Temple   | Became a worshipper of Hepliaklqana
  2062 | D:6      | jacquesderrida: ty che ahooel///\
  2089 | D:6      | incide: gg bois
  2108 | D:6      | Noticed an ice beast
  2160 | D:7      | Reached skill level 5 in Unarmed Combat
  2160 | D:7      | Your scales start taking on a weird mottled colour.
  2160 | D:7      | Reached XP level 7. HP: 50/59 MP: 11/11
  2184 | D:7      | jacquesderrida: molted
  2228 | D:7      | futacatgirl: draconid ghosts are worst
  2246 | D:8      | HP: 2/59 [ogre/giant club (16)]
  2252 | D:8      | jacquesderrida: footer razdrakonili
  2255 | D:8      | jacquesderrida: footera
  2259 | D:8      | Noticed Erolcha
  2259 | D:8      | incide: ahahaha
  2260 | D:8      | futacatgirl: rip in pasta
  2261 | D:8      | jacquesderrida: blya
  2261 | D:8      | Slain by a killer bee

Vault maps used:
D:1:      shiori_arrival_elements
D:2:      gammafunk_temple_overflow_claw, st_stairs_1, minmay_newt_pond
D:4:      first_bread
D:5:      lemuel_crystal_altar
D:8:      roderic_batcave, uniq_erolcha
Temple:   compressed_dpeg_circular_temple

Skill      XL: |  1  2  3  4  5  6 |
---------------+-------------------+-----
Fighting       | 1 2 3 4 |  4.0
Unarmed Combat | 1 2 3 4 5 |  5.0
Evocations     | 1 2 3 |  3.0
Dodging        | |  1.7
Stealth        | |  1.7
Spellcasting   | |  3.2
Conjurations   | |  1.8
Summonings     | |  1.0
Translocations | |  1.0

Action                   |  1- 3 |  4- 6 |  7- 9 || total
-------------------------+-------+-------+-------++-------
Melee: Unarmed           |    71 |    70 |    17 ||   158
       Tailslap          |     4 |     5 |     2 ||    11
       Punch             |       |     2 |       ||     2
Throw: Tomahawk          |       |     1 |       ||     1
 Cast: Magic Dart        |    62 |    16 |       ||    78
       Repel Missiles    |     1 |     1 |       ||     2
       Mephitic Cloud    |     1 |     3 |     1 ||     5
       Blink             |       |     2 |     3 ||     5
 Abil: Evoke Berserk Rag |     2 |     4 |       ||     6
  Use: Scroll            |     1 |     3 |     3 ||     7
       Potion            |       |     7 |       ||     7
 Stab: Confused          |     1 |     3 |       ||     4
       Invisible         |       |     1 |       ||     1
       Sleeping          |       |     2 |       ||     2
  Eat: Chunk             |     2 |     5 |     2 ||     9
       Beef jerky        |       |     1 |       ||     1
Armor: Skin              |    21 |    15 |     5 ||    41
Dodge: Dodged            |    51 |    45 |    16 ||   112
       Deflected         |     1 |     2 |       ||     3
